 Dungeon Crawl Stone Soup version 0.17.1-3-g152610e (webtiles) character file.

119 Goblin1989 the Poker (level 4, -1/33 HPs)
             Began as a Demonspawn Gladiator on Mar 12, 2016.
             Was an Initiate of Okawaru.
             Slain by Grinder (3 damage)
             ... on level 3 of the Dungeon.
             The game lasted 00:03:30 (2040 turns).

Goblin1989 the Poker (Demonspawn Gladiator)         Turns: 2040, Time: 00:03:30

Health: -1/33      AC: 11    Str: 16    XL:     4   Next: 73%
Magic:  4/4        EV:  7    Int:  9    God:    Okawaru [......]
Gold:   111        SH:  0    Dex: 14    Spells: 0 memorised, 3 levels left

rFire  . . .     SeeInvis .     a - +0 trident
rCold  . . .     Clarity  .     h - +0 chain mail
rNeg   . . .     SustAt   .     (no shield)
rPois  .         Gourm    .     c - +0 helmet
rElec  .         Spirit   .     (no cloak)
rCorr  .         Warding  .     (no gloves)
rMut   .         Stasis   .     (no boots)
MR     .....                    (no amulet)
Stlth  ..........               (no ring)
                                (no ring)

@: not resistant to hostile enchantments, extremely unstealthy
A: thin metallic scales 1, spiny 1
a: Renounce Religion


You were on level 3 of the Dungeon.
You worshipped Okawaru.
Okawaru was noncommittal.
You were not hungry.

You visited 1 branch of the dungeon, and saw 3 of its levels.

You collected 111 gold pieces.

Inventory:

Hand Weapons
 a - a +0 trident (weapon)
Missiles
 d - 3 throwing nets (quivered)
Armour
 c - a +0 helmet (worn)
 h - a +0 chain mail (worn)
Scrolls
 b - 3 scrolls of magic mapping {unknown}
 j - 4 scrolls of remove curse {unknown}
 m - a scroll of identify {unknown}
 p - a scroll of teleportation {unknown}
Potions
 g - a potion of lignification {unknown}
 i - a potion of mutation {unknown}
 l - a potion of curing {unknown}
 n - 2 potions of degeneration {unknown}
Comestibles
 e - a bread ration
 f - 2 beef jerkies
 k - a fruit
 o - a slice of pizza


   Skills:
 - Level 2.0 Fighting
 * Level 5.0 Polearms
 - Level 1.7 Throwing
 - Level 2.6 Dodging


You had 3 spell levels left.
You didn't know any spells.

Dungeon Overview and Level Annotations

Branches:
Dungeon (3/15)

Altars:
Ashenzari
Okawaru

Annotations:
D:3 Grinder


Innate Abilities, Weirdness & Mutations

You are partially covered in thin metallic scales (AC +2).
You are partially covered in sharp spines.


Message History

You are too injured to fight recklessly!
You are too injured to fight recklessly!
You are too injured to fight recklessly!
You are too injured to fight recklessly!
You are too injured to fight recklessly!
You are too injured to fight recklessly!
You are too injured to fight recklessly!
You are too injured to fight recklessly!
You are too injured to fight recklessly!
You are too injured to fight recklessly!
You are too injured to fight recklessly!
You hit Grinder.
Grinder is heavily wounded.
Grinder is struck by your spines. Grinder hits you but does no damage.
You closely miss Grinder.
Grinder is severely wounded.
Grinder hits you.
* * * LOW HITPOINT WARNING * * *
You writhe in agony.
You die...

######..# #.@5....#
.########.#####...
.................
..######..........#
###..######...
#........##..#.
#.#..##........
#.#..#.........
....#..#...####.....#


You could see Grinder.

Vanquished Creatures
  An orc priest (D:3)
  Terence (D:2)
  An adder (D:2)
  A worm (D:2)
  2 giant geckos (D:2)
  3 orcs (D:3)
  A ball python (D:3)
  5 goblins
  8 hobgoblins
  2 jackals (D:1)
  5 kobolds
  2 quokkas
  7 bats
  3 giant newts
  3 rats
45 creatures vanquished.

Notes
Turn   | Place    | Note
--------------------------------------------------------------
     0 | D:1      | Goblin1989 the Demonspawn Gladiator began the quest for the Orb.
     0 | D:1      | Reached XP level 1. HP: 16/16 MP: 1/1
    91 | D:1      | Found a shattered altar of Ashenzari.
   123 | D:1      | Reached skill level 3 in Polearms
   234 | D:1      | Gained mutation: You are partially covered in thin metallic scales (AC +2). [demonic ancestry]
   234 | D:1      | Reached XP level 2. HP: 22/22 MP: 2/2
   750 | D:2      | Noticed Terence
   772 | D:2      | Killed Terence
   772 | D:2      | Reached skill level 4 in Polearms
   772 | D:2      | Reached XP level 3. HP: 15/27 MP: 3/3
  1338 | D:2      | Found an iron altar of Okawaru.
  1346 | D:2      | Became a worshipper of Warmaster Okawaru
  1623 | D:2      | Gained mutation: You are partially covered in sharp spines. [demonic ancestry]
  1623 | D:2      | Reached XP level 4. HP: 28/33 MP: 4/4
  1871 | D:3      | Reached skill level 5 in Polearms
  2032 | D:3      | Noticed Grinder
  2040 | D:3      | Slain by Grinder

Action                   |  1- 3 |  4- 6 || total
-------------------------+-------+-------++-------
Melee: Trident           |   200 |    34 ||   234
  Eat: Chunk             |     2 |     2 ||     4
